 Dungeon Crawl Stone Soup version 0.29.1-15-g9cfb28693d (webtiles) character file.

Game seed: 925874888283698832

628 hawla the Firebug (level 8, -3/59 HPs)
             Began as a Meteoran Fire Elementalist on May 1, 2023.
             Slain by a gnoll
             ... wielding a +0 flail
             ... led by a gnoll bouda
              (12 damage)
             ... on level 5 of the Dungeon.
             The game lasted 00:05:13 (1046 turns).

hawla the Firebug (Meteoran Fire Elementalist)      Turns: 1046, Time: 00:05:14

Health: -3/59      AC:  2    Str:  9    XL:     8   Next: 6%
Magic:  7/18       EV: 13    Int: 20    God:
Gold:   47         SH:  0    Dex: 14    Spells: 16/19 levels left

rFire   . . .      SeeInvis .   n - +2 dire flail (holy)
rCold   . . .      Faith    .   (shield currently unavailable)
rNeg    . . .      Spirit   .   a - +0 robe
rPois   .          Reflect  .   (no helmet)
rElec   .          Harm     .   (no cloak)
rCorr   .          Rampage  .   (no gloves)
Will    +....                   (no boots)
Stlth   +.........              (no amulet)
HPRegen 0.19/turn               (no ring)
MPRegen 0.16/turn               (no ring)

@: glowing
A: sense surroundings 1, otherworldly, glowing, explore regen
a: no special abilities


You were on level 5 of the Dungeon.
You visited 1 branch of the dungeon, and saw 5 of its levels.

You collected 47 gold pieces.

Inventory:

Hand Weapons
 n - a +2 dire flail of holy wrath (weapon)
Armour
 a - a +0 robe (worn)
Jewellery
 i - a ring of protection from cold
Wands
 m - a wand of polymorph (12) (quivered)
Scrolls
 d - 3 scrolls of teleportation {unknown}
 e - 2 scrolls of butterflies {unknown}
 f - 3 scrolls of identify {unknown}
 h - a scroll of amnesia {unknown}
 l - a scroll of noise {unknown}
Potions
 b - a potion of heal wounds
 c - a potion of attraction {unknown}
 g - a potion of brilliance {unknown}
 j - a potion of degeneration {unknown}
 k - a potion of flight {unknown}


   Skills:
 - Level 1.2 Fighting
 - Level 3.3 Dodging
 - Level 1.4 Stealth
 - Level 6.1 Spellcasting
 - Level 2.8 Conjurations
 - Level 7.1 Fire Magic
 + Level 1.6 Evocations


You had 16 spell levels left.
You knew the following spells:

 Your Spells              Type           Power      Damage    Failure   Level
a - Foxfire               Conj/Fire      100%       2x1d9     1%          1
b - Scorch                Fire           68%        2d8       1%          2

Your spell library contained the following spells:

 Spells                   Type           Power      Damage    Failure   Level
 Conjure Flame            Conj/Fire      26%        6-21      4%          3
 Inner Flame              Hex/Fire       20%        N/A       7%          3
 Flame Wave               Conj/Fire      26%        2d8       13%         4
 Summon Ice Beast         Ice/Summ       6%         N/A       71%         4
 Summon Mana Viper        Hex/Summ       6%         N/A       96%         5
 Monstrous Menagerie      Summ           3%         N/A       100%        7


Dungeon Overview and Level Annotations

Branches:
Dungeon (5/15) Zot: 1954
 Temple: D:4-7

Altars:

Shops:
D:2 [


Innate Abilities, Weirdness & Mutations

You passively map a small area around you.
You are easily found by Zot.
You glow in the dark.
You regain HP and MP as you explore.


Message History

Casting: Scorch (safe; 1% risk of failure)
Confirm with . or Enter, or press ? or * to list all spells.
You conjure some foxfire!
Your attacks no longer feel as feeble.
The gnoll bouda gazes fiercely through you!
You feel your attacks grow feeble.
The gnoll bouda hits you with a +0 club.
Unknown command.
You hit the gnoll bouda.
The gnoll bouda is heavily wounded.
The foxfire hits the gnoll bouda but does no damage.
The gnoll bouda is heavily wounded.
The foxfire hits the gnoll bouda.
The gnoll bouda is severely wounded.
The gnoll bouda mumbles some strange prayers to its god.
The gnoll bouda is healed somewhat.
You barely miss the gnoll bouda.
The gnoll bouda is heavily wounded.
You closely miss the gnoll. The gnoll misses you.
The gnoll bouda closely misses you. The gnoll hits you with a +0 flail!
You barely miss the gnoll.
Your attacks no longer feel as feeble.
The gnoll bouda misses you.
The gnoll bouda hits you with a +0 club.
You barely miss the gnoll bouda.
The gnoll bouda is heavily wounded.
The gnoll is no longer moving quickly.
The gnoll hits you with a +0 flail!
The gnoll bouda hits you with a +0 club.
You barely miss the gnoll bouda.
The gnoll bouda is heavily wounded.
The gnoll misses you. The gnoll barely misses you.
The gnoll bouda hits you with a +0 club.
A worm comes into view.
The gnoll hits you with a +0 flail.
* * * LOW HITPOINT WARNING * * *
The gnoll barely misses you. The gnoll attacks as you move away!
The gnoll hits you with a +0 whip!
* * * LOW HITPOINT WARNING * * *
The gnoll hits you with a +0 flail!
You die...

, ## #.....
,,g...... , ,, ~*
, g#...⌠ , *, **
.... ,, + , ).. ,
, * #w#**** ~
***, *
#####g######## ,
#<....g......# *
,
#####g@##....####
* * *
##.##.#####.####
#..#..........# *
##.#.#####.##.#
.#.# * ####.#
.#...######.# , ,
#.#..........# *
*< ,
#.....######.# ,
, ##.......####.#
*


You could see a gnoll bouda, a worm and 2 gnolls.

Vanquished Creatures
  Sigmund (D:4)
  Edmund (D:5)
  An ice beast (D:5)
  A scorpion (D:4)
  A hound (D:5)
  2 orc priests (D:5)
  An iguana (D:5)
  An orc wizard (D:4)
  2 gnolls
  4 adders
  An ufetubus (D:5)
  A worm (D:2)
  A dart slug (D:1)
  5 orcs
  An endoplasm (D:2)
  4 hobgoblins
  A bat (D:2)
29 creatures vanquished.

Vanquished Creatures (others)
  80 foxfires
80 creatures vanquished.

Grand Total: 109 creatures vanquished

Notes
Turn   | Place    | Note
-------+----------+-------------------------------------------
     0 | D:1      | hawla the Meteoran Fire Elementalist began the quest for
                  | the Orb.
     0 | D:1      | Reached XP level 1. HP: 14/14 MP: 5/5
    37 | D:1      | Reached skill level 4 in Fire Magic
    39 | D:1      | Reached XP level 2. HP: 7/20 MP: 1/6
    42 | D:1      | Learned a level 2 spell: Scorch
   129 | D:2      | Reached XP level 3. HP: 23/26 MP: 3/8
   135 | D:2      | Reached XP level 4. HP: 25/33 MP: 3/10
   164 | D:2      | Found Xarchuh's Armour Shoppe.
   258 | D:4      | Noticed a scorpion
   261 | D:4      | Killed a scorpion
   262 | D:4      | Reached skill level 5 in Fire Magic
   262 | D:4      | Reached XP level 5. HP: 39/39 MP: 7/11
   325 | D:4      | Noticed Sigmund
   329 | D:4      | Killed Sigmund
   330 | D:4      | Reached skill level 1 in Fighting
   330 | D:4      | Reached skill level 6 in Fire Magic
   330 | D:4      | Reached XP level 6. HP: 47/47 MP: 8/14
   947 | D:5      | Entered Level 5 of the Dungeon
   947 | D:5      | Noticed an ice beast
   953 | D:5      | Killed an ice beast
   954 | D:5      | Reached skill level 5 in Spellcasting
   954 | D:5      | Reached XP level 7. HP: 52/52 MP: 7/16
   972 | D:5      | Noticed Edmund
   998 | D:5      | Killed Edmund
   999 | D:5      | Reached skill level 7 in Fire Magic
  1037 | D:5      | Reached skill level 1 in Evocations
  1037 | D:5      | Reached XP level 8. HP: 53/59 MP: 9/18
  1046 | D:5      | Slain by a gnoll

Illustrated notes

Levels and vault maps discovered:
D:1:      spicycebolla_arrival_xxxplode, layout_rooms,
          chequers_ecumenical_altar_simple_redux
D:2:      layout_rooms, serial_shops, nicolae_shop_crystal,
          nicolae_shop_hallway_stairs, nicolae_shop_advertising_works
          [nicolae_subvault_shop_adworks], uniq_jessica
D:3:      layout_basic, yredelemnul_altar_generic, st_stairs_14, nicolae_titane
D:4:      layout_basic, uniq_sigmund
D:5:      layout_basic, serial_corexii_hall, chequers_hall_statues_wall_a,
          corexii_hall_statues_u, chequers_hall_statues_wall_a,
          corexii_hall_statues_x, serial_shops, shop_fountains,
          kennysheep_generic_room_7, uniq_edmund

Skill      XL: |  1  2  3  4  5  6  7 |
---------------+----------------------+-----
Fire Magic     | 4 5 6 7 |  7.1
Spellcasting   | 3 4 5 6 |  6.1
Conjurations   | 2 |  2.8
Fighting       | 1 |  1.2
Dodging        | 3 |  3.3
Evocations     | 1 |  1.6
Stealth        | |  1.4

Action                   |  1- 3 |  4- 6 |  7- 9 || total
-------------------------+-------+-------+-------++-------
Melee: Unarmed           |     3 |     1 |    10 ||    14
       Dire flail        |       |       |     6 ||     6
 Cast: Foxfire           |    11 |    21 |    12 ||    44
       Scorch            |     5 |     9 |     9 ||    23
  Use: Potion            |     1 |       |     1 ||     2
Armor: Skin              |       |       |     3 ||     3
       Robe              |       |       |     1 ||     1
Dodge: Dodged            |    11 |     2 |    16 ||    29
